 Dungeon Crawl Stone Soup version 0.26-a0-597-gb535b0901c (webtiles) character file.

Game seed: 3489855843441409977

(classic levelgen) 211177 EnegeticOcto the Severer (level 17, -6/162 HPs)
             Began as a Deep Dwarf Fighter on Aug 26, 2020.
             Was a High Priest of Makhleb.
             Mangled by an enormous slime creature (79 damage)
             ... on level 5 of the Pits of Slime.
             The game lasted 00:17:09 (14266 turns).

EnegeticOcto the Severer (Deep Dwarf Fighter)      Turns: 14266, Time: 00:17:09

Health: -6/162     AC: 13    Str: 26    XL:     17   Next: 73%
Magic:  0/0        EV: 10    Int:  8    God:    Makhleb [*****.]
Gold:   1455       SH: 22    Dex: 12    Spells: 16/16 levels left

rFire    . . .     SeeInvis .   a - +7 broad axe (venom)
rCold    + . .     Faith    +   J - +0 tower shield
rNeg     + . .     Spirit   .   E - +4 plate armour {rC+}
rPois    +         Reflect  .   o - +2 helmet
rElec    .         Harm     .   A - +1 cloak {rCorr}
rCorr    +         Rnd*Tele +   n - +2 pair of gloves
MR       ++...                  v - +2 pair of boots
Stlth    ..........             M - amulet of faith
HPRegen  0.00/turn              l - ring of poison resistance
MPRegen  0.07/turn              m - +4 ring of evasion

@: corroded, non-regenerating
A: damage resistance, heal wounds, deformed body, dopey 1, low mp 1, negative
energy resistance 1, sense surroundings 2, teleportitis 1, no regeneration
}: 2/15 runes: decaying, gossamer
a: Heal Wounds, Minor Destruction, Lesser Servant of Makhleb, Major Destruction,
Greater Servant of Makhleb, Renounce Religion


You were on level 5 of the Pits of Slime.
You worshipped Makhleb.
Makhleb was extremely pleased with you.
You visited 7 branches of the dungeon, and saw 35 of its levels.
You visited the Abyss 1 time.
You also visited: Bailey.

You collected 1694 gold pieces.
You spent 239 gold pieces at shops.

Inventory:

Hand Weapons
 a - a +7 broad axe of venom (weapon)
 g - a +2 vorpal war axe
 I - a +1 war axe
Armour
 c - a +0 kite shield
 n - a +2 pair of gloves (worn)
 o - a +2 helmet (worn)
 v - a +2 pair of boots (worn)
 A - a +1 cloak of preservation (worn)
 E - a +4 plate armour of cold resistance (worn)
 J - a +0 tower shield (worn)
Jewellery
 l - a ring of poison resistance (left hand)
 m - a +4 ring of evasion (right hand)
 y - a +6 ring of dexterity {unknown}
 D - the ring of the Ten Souls {+Fly rF+ Int+3 Stlth+, unknown}
   (You found it on level 5 of the Pits of Slime)

   [ring of protection from fire]

   It affects your intelligence (+3).
   It protects you from fire.
   It lets you fly.
   It makes you more stealthy.
 M - an amulet of faith (around neck)
 O - an uncursed ring of protection from fire
Wands
 k - a wand of polymorph (26)
 w - a wand of iceblast (2)
 C - a wand of disintegration (24)
 L - a wand of flame (45) {@v4}
 Q - a wand of paralysis (9)
 T - a wand of acid (6) {@v1}
Scrolls
 q - 8 scrolls of teleportation {@r3}
 r - 5 scrolls of blinking
 t - 2 scrolls of immolation {@r4}
 u - 2 scrolls of fear
 x - 9 scrolls of remove curse {@r2}
 z - 5 scrolls of magic mapping {@r5}
 F - 8 scrolls of identify {@r1}
 G - 2 scrolls of summoning
 K - a scroll of vulnerability
 N - a scroll of silence
Potions
 b - 3 potions of invisibility
 d - 3 potions of might {@q3}
 e - 7 potions of ambrosia
 f - 4 potions of berserk rage
 h - 3 potions of stabbing {@q5}
 i - 4 potions of cancellation
 j - 5 potions of haste {@q4}
 p - 6 potions of curing {@q1}
 s - 3 potions of flight
 B - 2 potions of magic
 H - 4 potions of resistance {@q6}
 P - a potion of mutation
 R - a potion of lignification {@q7}
 S - a potion of degeneration {unknown}


   Skills:
 + Level 12.6 Fighting
 - Level 18.0 Axes
 + Level 14.5 Armour
 * Level 17.4 Shields
 + Level 15.9 Invocations


You had 16 spell levels left.
You didn't know any spells.
Your spell library was empty.

Dungeon Overview and Level Annotations

Branches:
Dungeon (14/15)            Temple (1/1) D:5            Lair (5/6) D:8
  Swamp (4/4) Lair:3       Spider (4/4) Lair:3        Slime (5/5) Lair:5
    Orc (2/2) D:9             Elf (0/3) Orc:2        Vaults (0/5) D:14
 Bailey (visited)

Altars:
Elyvilon
Gozag
Hepliaklqana
Kikubaaqudgha
Makhleb
Nemelex Xobeh
Okawaru
Qazlal
Ru
Sif Muna
Trog
Uskayaw
Vehumet
Wu Jian
Yredelemnul
Zin
The Shining One
Beogh
Jiyva

Shops:
D:4 ?   D:5 :   D:9 (   D:10 }   D:12 :   D:14 =   Orc:2 ([

Annotations:
D:5 1 runed translucent door
Lair:4 exclusion: oklob plant


Innate Abilities, Weirdness & Mutations

You are resistant to damage.
You can heal yourself by infusing magical energy.
You resist negative energy. (rN+)
You passively map the area around you.
You do not regenerate.
Armour fits poorly on your strangely shaped body.
You are dopey. (Int -2)
Your magical capacity is low. (-10% MP)
You are occasionally teleported next to monsters.


Message History

The acid blob is severely wounded.
You hit the large slime creature. The acid blob spits acid at you.
The splash of acid hits you but does no damage.
The acid corrodes you!
You are splashed with acid.
You resist.
You hit the acid blob.
Your hands burn!
The acid blob is severely wounded.
You hit the large slime creature but do no damage.
The large slime creature is poisoned.
A slime creature comes into view.
Two slime creatures merge to form a very large slime creature.
You slash the acid blob!
Your hands burn!
The acid blob is almost dead.
You hit the very large slime creature.
The very large slime creature looks as sick as possible!
The acid blob spits acid at you. The splash of acid hits you. You resist.
You are splashed with acid.
You resist.
A very large slime creature splits.
A slime creature comes into view.
You slash the acid blob!
You kill the acid blob!
Makhleb accepts your kill.
You feel better.
You slash the large slime creature! You barely miss the slime creature.
The large slime creature hits you!
Two slime creatures merge to form a very large slime creature.
Two slime creatures merge to form a large slime creature.
You barely miss the very large slime creature.
The very large slime creature is moderately wounded.
You slash the slime creature!
The slime creature looks as sick as possible!
The slime creature hits you.
You slash the slime creature!
The slime creature is almost dead.
You slash the very large slime creature!
You block the slime creature's attack.
A slime creature comes into view.
You slash the slime creature!
You kill the slime creature!
Makhleb accepts your kill.
You feel better.
You hit the very large slime creature but do no damage.
A large slime creature splits.
A slime creature comes into view.
You slice the very large slime creature!!
The very large slime creature is heavily wounded.
Two slime creatures merge to form a large slime creature.
A very large slime creature splits.
You hit the large slime creature but do no damage.
The large slime creature is heavily wounded.
You hit the slime creature.
Two slime creatures merge to form a very large slime creature.
Two slime creatures merge to form an enormous slime creature.
A slime creature comes into view.
You slice the slime creature!!
The slime creature is almost dead.
You barely miss the enormous slime creature.
You block the slime creature's attack.
An enormous slime creature splits.
You hit the slime creature but do no damage.
The slime creature is almost dead.
You hit the large slime creature. x2
The large slime creature looks as sick as possible!
A slime creature comes into view.
Two slime creatures merge to form a large slime creature.
You block the slime creature's attack.
Two slime creatures merge to form an enormous slime creature.
You slash the slime creature!
You kill the slime creature!
Makhleb accepts your kill.
You feel better.
You slice the large slime creature!!
You hit the enormous slime creature but do no damage.
The large slime creature hits you!!!
You slash the large slime creature!
The large slime creature is heavily wounded.
You hit the enormous slime creature but do no damage.
A slime creature comes into view.
A large slime creature splits.
You completely miss the slime creature.
The slime creature is heavily wounded.
The slime creature quivers.
You hit the slime creature but do no damage.
You hit the enormous slime creature but do no damage.
A slime creature comes into view.
You don't have enough innate magic capacity.
Okay, then.
You block the slime creature's attack.
You hit the slime creature.
The slime creature is severely wounded.
You barely miss the slime creature.
You hit the enormous slime creature but do no damage.
The enormous slime creature looks as sick as possible!
A slime creature comes into view.
The enormous slime creature closely misses you.
You block the slime creature's attack.
You slash the slime creature!
The slime creature is almost dead.
You slash the enormous slime creature! You completely miss the slime creature.
Two slime creatures merge to form a large slime creature.
You block the slime creature's attack.
The enormous slime creature hits you!!!!
You die...

,,........##?:.[)....$=|=[##.....
........##[[=.......$)()##.....
........###$(.=....}.$!###.....
........####..........####.....
,,........#.J..............#.....
, , ,....#............#.......
..# ##JJ........####..... ,, .
##$$JJ....|.$!# #..... ,
#$|=J@.....[[$$*#..... , , ,
*#})[|!....?=φ}}##..... , ,,
,##})[##..##):!##...... , ,
##$??##.#(!:##....... ,, ,,,##)#
..##?##........ , , ### #*
#......... ,, ,,, , ........... ,
,,, , ........... , ,,
,,..........


You could see an enormous slime creature (extremely poisoned), 2 large slime
creatures and 3 slime creatures.

Vanquished Creatures
  the Royal Jelly (Slime:5)
  Dissolution (Slime:3)
  Arachne (Spider:4)
  17 acid blobs
  A thorn hunter (Swamp:4)
  Frances (D:14)
  Kirke (Spider:1)
  4 emperor scorpions
  7 azure jellies
  3 ghost moths (Spider:4)
  Louise (D:14)
  An ironheart preserver (D:14)
  3 entropy weavers
  5 death oozes
  Snorg (D:10)
  Harold (D:8)
  4 great orbs of eyes
  12 hydras
  A shambling mangrove (Swamp:4)
  A ghost crab (Swamp:4)
  2 centaur warriors (D:13)
  7 alligators
  An ogre mage (Orc:1)
  4 two-headed ogres
  Urug (D:10)
  Nergalle (D:10)
  A spatial maelstrom (D:14)
  A spriggan druid (Swamp:4)
  5 swamp dragons
  17 wolf spiders
  5 orb spiders
  2 orc knights
  9 ugly things
  A moth of wrath (Spider:4)
  A manticore (D:12)
  2 shining eyes (Slime:5)
  4 cyclopes
  11 elephants
  Joseph (D:7)
  An apocalypse crab (D:14)
  3 gargoyles
  7 cane toads
  A torpor snail (Spider:2)
  A redback zombie (D:12)
  A rime drake (Lair:3)
  2 komodo dragons
  4 demonic crawlers
  5 trolls
  19 jumping spiders
  A polar bear (Lair:5)
  3 tyrant leeches
  10 hornets
  16 blink frogs
  4 bog bodies
  28 slime creatures
  4 dream sheep (Lair:5)
  A harpy skeleton (D:12)
  A hippogriff (D:14)
  4 wyverns
  56 redbacks
  4 shadows
  A vampire (D:13)
  A spriggan (Swamp:4)
  A large abomination (Abyss:3)
  18 tarantellas
  23 yaks
  3 wraiths
  2 steam dragons (D:11)
  3 fire elementals (D:14)
  3 golden eyes (Slime:1)
  A golden eye (shapeshifter) (D:13)
  2 hogs (Spider:1)
  A basilisk (Lair:3)
  9 vampire mosquitoes
  7 swamp worms
  An acid dragon (D:12)
  3 insubstantial wisps (Swamp:1)
  A warg (Orc:1)
  3 soldier ants
  11 water moccasins
  Duvessa (D:4)
  9 porcupines
  4 hell hounds (D:14)
  12 swamp drakes
  13 orc warriors
  4 eyes of draining
  3 sky beasts
  4 black bears
  2 ice beasts
  5 phantoms
  6 centaurs
  8 ogres
  7 crocodiles
  A wyvern zombie (D:10)
  Dowan (D:4)
  7 bullfrogs
  A scorpion (Lair:2)
  2 wyvern skeletons
  6 wights
  2 vampire bats (Lair:3)
  A howler monkey (D:14)
  3 centaur zombies
  A quasit (D:12)
  9 hounds
  A bullfrog skeleton (D:4)
  2 bullfrog zombies
  7 jellies
  A gnoll shaman (D:4)
  18 orc priests
  Crazy Yiuf (D:7)
  14 orc wizards
  Ijyb (D:4)
  3 iguanas
  Natasha (twice) (D:3)
  6 worker ants
  A small abomination (Abyss:3)
  A hound zombie (D:9)
  A hound skeleton (D:4)
  A worker ant zombie (D:11)
  Robin (D:3)
  10 gnolls
  9 adders
  2 shadow imps
  A white imp (D:4)
  2 ufetubi
  An ooze (D:1)
  A dart slug (D:1)
  A leopard gecko (D:7)
  87 orcs
  3 giant cockroaches
  15 goblins
  4 hobgoblins
  9 jackals
  A quokka (D:12)
  3 ball pythons
  10 bats
  2 frilled lizards
  2 jackal zombies
  3 kobolds
  A leopard gecko skeleton (D:4)
  2 rats
755 creatures vanquished.

Vanquished Creatures (collateral kills)
  Rupert (D:13)
  A thorn hunter (Swamp:4)
  An orc warlord (Orc:2)
  3 emperor scorpions (Spider:4)
  Azrael (D:14)
  9 hydras
  2 shambling mangroves
  A centaur warrior (D:13)
  2 two-headed ogres (D:14)
  2 alligators
  An orc high priest (Orc:2)
  A spriggan druid (Swamp:3)
  3 swamp dragons (Swamp:4)
  3 orc knights
  2 orc sorcerers (Orc:2)
  3 wolf spiders (Spider:4)
  2 shining eyes (Slime:3)
  9 orb spiders (Spider:4)
  A cyclops (Orc:2)
  An ugly thing (D:14)
  A centaur zombie (D:14)
  2 gargoyles (D:14)
  A cane toad (Swamp:3)
  2 demonic crawlers (Spider:4)
  2 komodo dragons
  2 trolls (D:14)
  A jumping spider (Spider:4)
  2 hornets
  A tyrant leech (Swamp:3)
  6 slime creatures (Slime:3)
  A hippogriff (D:14)
  6 redbacks (Spider:4)
  4 tarantellas (Spider:4)
  A spriggan (Swamp:4)
  A large abomination (D:14)
  A vampire mosquito (Swamp:3)
  A warg (Orc:2)
  2 swamp worms
  3 swamp drakes
  8 orc warriors
  A crocodile (D:11)
  3 wights (D:12)
  A jelly (D:14)
  7 orc priests
  3 orc wizards (Orc:2)
  13 orcs (Orc:2)
  2 goblins (D:12)
127 creatures vanquished.

Vanquished Creatures (others)
  3 redbacks (Spider:4)
  30 fungi
  30 plants
63 creatures vanquished.

Grand Total: 945 creatures vanquished

Notes
Turn   | Place    | Note
-------+----------+-------------------------------------------
     0 | D:1      | EnegeticOcto the Deep Dwarf Fighter began the quest for the
                  | Orb.
     0 | D:1      | Reached XP level 1. HP: 20/20 MP: 1/1
    67 | D:1      | Reached XP level 2. HP: 18/27 MP: 2/2
   215 | D:2      | Reached skill level 3 in Axes
   216 | D:2      | Reached XP level 3. HP: 30/33 MP: 3/3
   250 | D:3      | Noticed Natasha
   256 | D:3      | Killed Natasha
   362 | D:3      | Noticed Natasha
   377 | D:3      | Killed Natasha
   377 | D:3      | Reached XP level 4. HP: 36/42 MP: 3/3
   495 | D:3      | Noticed Robin
   516 | D:3      | Killed Robin
   546 | D:3      | Reached skill level 4 in Axes
   574 | D:4      | Reached XP level 5. HP: 32/49 MP: 4/4
   669 | D:4      | Found Beid's Magic Scroll Shop.
   698 | D:4      | Reached XP level 6. HP: 45/56 MP: 5/5
   698 | D:4      | Noticed Duvessa
   701 | D:4      | Noticed Dowan
   724 | D:4      | Killed Duvessa
   724 | D:4      | Reached skill level 5 in Axes
   736 | D:4      | Killed Dowan
   746 | D:4      | Bought a scroll of teleportation for 36 gold pieces
   825 | D:4      | Noticed Ijyb
   841 | D:4      | Killed Ijyb
   980 | D:5      | Entered Level 5 of the Dungeon
  1043 | D:5      | Reached XP level 7. HP: 30/64 MP: 6/6
  1079 | D:5      | Reached skill level 5 in Shields
  1083 | D:5      | Reached skill level 5 in Armour
  1097 | D:5      | Reached skill level 6 in Axes
  1142 | D:5      | Found Boituah's Book Shoppe.
  1219 | D:5      | Found a staircase to the Ecumenical Temple.
  1229 | Temple   | Entered the Ecumenical Temple
  1333 | Temple   | Became a worshipper of Makhleb the Destroyer
  1443 | D:5      | Reached XP level 8. HP: 53/73 MP: 7/7
  1499 | D:5      | Found a runed translucent door.
  1503 | D:5      | Reached skill level 1 in Invocations
  1505 | D:5      | Found a basalt altar of Yredelemnul.
  1633 | D:6      | Reached skill level 7 in Axes
  2110 | D:7      | Noticed Joseph
  2130 | D:7      | Killed Joseph
  2130 | D:7      | Reached skill level 5 in Fighting
  2308 | D:7      | Reached skill level 8 in Axes
  2319 | D:7      | Reached * piety under Makhleb
  2375 | D:7      | Gained mutation: You passively map the area around you.
                  | [Deep Dwarf growth]
  2375 | D:7      | Reached XP level 9. HP: 67/81 MP: 9/9
  2454 | D:7      | Found a runed translucent door.
  2455 | D:7      | Noticed Crazy Yiuf
  2794 | D:7      | Killed Crazy Yiuf
  2944 | D:8      | Found a staircase to the Lair.
  2956 | D:8      | Reached skill level 9 in Axes
  2964 | D:8      | Reached skill level 5 in Invocations
  3119 | D:8      | Noticed Harold
  3142 | D:8      | Killed Harold
  3142 | D:8      | Reached XP level 10. HP: 91/91 MP: 11/11
  3285 | D:8      | Reached ** piety under Makhleb
  3285 | D:8      | Reached skill level 10 in Axes
  3594 | D:9      | Found Jaomasu's Antique Weapon Shoppe.
  3617 | D:9      | Found a staircase to the Orcish Mines.
  3897 | D:10     | Entered Level 10 of the Dungeon
  3922 | D:10     | Noticed Snorg
  3923 | D:10     | Noticed a gargoyle
  3943 | D:10     | Killed Snorg
  3943 | D:10     | Killed a gargoyle
  4044 | D:10     | Noticed Nergalle
  4073 | D:10     | Killed Nergalle
  4086 | D:10     | Found Yqioteke's Gadget Shop.
  4152 | D:10     | Noticed Urug
  4210 | D:10     | Killed Urug
  4210 | D:10     | Reached skill level 11 in Axes
  4409 | D:11     | Noticed a gargoyle
  4425 | D:11     | Killed a gargoyle
  4506 | D:11     | Noticed a cyclops
  4524 | D:11     | Killed a cyclops
  4524 | D:11     | Reached XP level 11. HP: 65/100 MP: 5/5
  4645 | D:11     | Noticed a red ugly thing
  4653 | D:11     | Killed a red ugly thing
  4829 | D:11     | Noticed an orc knight
  4847 | D:11     | Reached *** piety under Makhleb
  4912 | D:11     | Killed an orc knight
  5035 | D:12     | Reached skill level 12 in Axes
  5042 | D:12     | Found a flagged portal.
  5049 | Bailey   | Entered a bailey
  5120 | Bailey   | Reached **** piety under Makhleb
  5121 | Bailey   | Noticed an orc knight
  5157 | Bailey   | Noticed an orc knight
  5157 | Bailey   | Noticed an orc knight
  5190 | Bailey   | Killed an orc knight
  5273 | Bailey   | Noticed an orc knight
  5281 | Bailey   | Killed an orc knight
  5340 | D:12     | Found Hawuydeo's Book Shoppe.
  5353 | D:12     | Noticed a five-headed hydra
  5372 | D:12     | Killed an eight-headed hydra
  5455 | D:12     | Noticed a five-headed hydra
  5473 | D:12     | Killed a 13-headed hydra
  5505 | D:12     | Noticed a brown ugly thing
  5519 | D:12     | Killed a brown ugly thing
  5587 | D:12     | Reached XP level 12. HP: 100/110 MP: 2/2
  5808 | D:13     | Noticed a centaur warrior
  5833 | D:13     | Killed a centaur warrior
  5854 | D:13     | Noticed a two-headed ogre
  5860 | D:13     | Killed a two-headed ogre
  5860 | D:13     | Reached skill level 13 in Axes
  5972 | D:13     | Reached skill level 10 in Armour
  6163 | D:13     | Noticed Rupert
  6167 | D:13     | Reached skill level 10 in Shields
  6186 | D:13     | Killed Rupert
  6186 | D:13     | Reached skill level 10 in Invocations
  6302 | D:13     | Noticed a centaur warrior
  6303 | D:13     | Noticed a centaur warrior
  6315 | D:13     | Killed a centaur warrior
  6319 | D:13     | Killed a centaur warrior
  6710 | D:14     | Noticed Louise
  6729 | D:14     | Cast into level 3 of the Abyss (Louise)
  6791 | Abyss:3  | Noticed a tentacled starspawn
  6795 | D:14     | Escaped the Abyss
  6816 | D:14     | Killed Louise
  6842 | D:14     | Found Cucrot's Jewellery Boutique.
  6893 | D:14     | Found a sacrificial altar of Ru.
  6949 | D:14     | Reached skill level 14 in Axes
  6949 | D:14     | Noticed an ironheart preserver
  6953 | D:14     | Noticed a two-headed ogre
  6954 | D:14     | Reached XP level 13. HP: 121/121 MP: 3/3
  6974 | D:14     | Killed an ironheart preserver
  7049 | D:14     | Found a gate to the Vaults.
  7118 | D:14     | Reached ***** piety under Makhleb
  7150 | D:14     | Noticed Azrael
  7182 | D:14     | Killed Azrael
  7385 | D:14     | Noticed Frances
  7401 | D:14     | Killed Frances
  7738 | Lair:1   | Entered Level 1 of the Lair of Beasts
  7922 | Lair:2   | You fall into a shaft and drop 2 floors!
  9242 | Lair:3   | Reached skill level 15 in Axes
  9243 | Lair:3   | Found a staircase to the Swamp.
  9527 | Lair:3   | Gained mutation: You resist negative energy. (rN+) [Deep
                  | Dwarf growth]
  9527 | Lair:3   | Reached XP level 14. HP: 130/130 MP: 1/1
  9839 | Lair:3   | Found a hole to the Spider Nest.
 10035 | Orc:1    | Entered Level 1 of the Orcish Mines
 10224 | Orc:2    | Entered Level 2 of the Orcish Mines
 10277 | Orc:2    | Found a staircase to the Elven Halls.
 10304 | Orc:2    | Reached ****** piety under Makhleb
 10320 | Orc:2    | Noticed an orc warlord
 10334 | Orc:2    | Killed an orc warlord
 10334 | Orc:2    | Reached skill level 10 in Fighting
 10337 | Orc:2    | Found Maxt's Antique Weapon Shop.
 10337 | Orc:2    | Found a roughly hewn altar of Beogh.
 10347 | Orc:2    | Found Xuely's Antique Armour Boutique.
 10356 | Orc:2    | Bought a runed broad axe for 203 gold pieces
 10538 | Spider:1 | Entered Level 1 of the Spider Nest
 10549 | Spider:1 | Noticed an emperor scorpion
 10585 | Spider:1 | Killed an emperor scorpion
 10709 | Spider:1 | Noticed Kirke
 10722 | Spider:1 | Killed Kirke
 11007 | Spider:4 | Entered Level 4 of the Spider Nest
 11007 | Spider:4 | Noticed an entropy weaver
 11023 | Spider:4 | Killed an entropy weaver
 11024 | Spider:4 | Reached skill level 16 in Axes
 11039 | Spider:4 | Killed a ghost moth
 11065 | Spider:4 | Noticed an emperor scorpion
 11101 | Spider:4 | Killed an emperor scorpion
 11112 | Spider:4 | Noticed an emperor scorpion
 11142 | Spider:4 | Killed an emperor scorpion
 11163 | Spider:4 | Reached XP level 15. HP: 140/140 MP: 3/3
 11583 | Spider:4 | Noticed Arachne
 11627 | Spider:4 | Killed Arachne
 11659 | Spider:4 | Killed a ghost moth
 11662 | Spider:4 | Killed a ghost moth
 11694 | Spider:4 | Got a gossamer rune of Zot
 11931 | Spider:2 | Reached skill level 17 in Axes
 12103 | Swamp:1  | Entered Level 1 of the Swamp
 12373 | Swamp:3  | Reached XP level 16. HP: 125/150 MP: 3/3
 12426 | Swamp:4  | Entered Level 4 of the Swamp
 12436 | Swamp:4  | Reached skill level 15 in Shields
 12677 | Swamp:4  | Noticed a thorn hunter
 12690 | Swamp:4  | Killed a thorn hunter
 12716 | Swamp:4  | Noticed an Executioner
 12745 | Swamp:4  | Noticed a thorn hunter
 12761 | Swamp:4  | Killed a thorn hunter
 12855 | Swamp:4  | Got a decaying rune of Zot
 13663 | Lair:5   | Found a staircase to the Slime Pits.
 13761 | Slime:1  | Entered Level 1 of the Pits of Slime
 13761 | Slime:1  | Noticed an acid blob
 13775 | Slime:1  | Killed an acid blob
 13775 | Slime:1  | Reached skill level 18 in Axes
 13823 | Slime:2  | Noticed an acid blob
 13834 | Slime:2  | Killed an acid blob
 13848 | Slime:2  | Noticed an acid blob
 13861 | Slime:2  | Killed an acid blob
 13879 | Slime:3  | Noticed Dissolution
 13889 | Slime:3  | Killed Dissolution
 13889 | Slime:3  | Reached skill level 15 in Invocations
 13889 | Slime:3  | Reached XP level 17. HP: 148/159 MP: 2/2
 13890 | Slime:3  | Gained mutation: Armour fits poorly on your strangely
                  | shaped body. [a shining eye]
 13909 | Slime:3  | Noticed an acid blob
 13917 | Slime:3  | Killed an acid blob
 13919 | Slime:3  | Gained mutation: You are occasionally teleported next to
                  | monsters. [a shining eye]
 13921 | Slime:3  | Gained mutation: You are dopey. (Int -2) [a shining eye]
 13957 | Slime:4  | Noticed an acid blob
 13966 | Slime:4  | Noticed an acid blob
 13969 | Slime:4  | Killed an acid blob
 13989 | Slime:4  | Killed an acid blob
 14041 | Slime:5  | Entered Level 5 of the Pits of Slime
 14044 | Slime:5  | Noticed an acid blob
 14053 | Slime:5  | Noticed an acid blob
 14054 | Slime:5  | Noticed an acid blob
 14063 | Slime:4  | Killed an acid blob
 14088 | Slime:5  | Killed an acid blob
 14097 | Slime:5  | Killed an acid blob
 14118 | Slime:5  | Noticed an acid blob
 14119 | Slime:5  | Found a viscous altar of Jiyva.
 14119 | Slime:5  | Noticed the Royal Jelly
 14134 | Slime:5  | Noticed an acid blob
 14147 | Slime:5  | Killed an acid blob
 14157 | Slime:5  | Gained mutation: Your magical capacity is low. (-10% MP) [a
                  | shining eye]
 14169 | Slime:5  | Noticed an acid blob
 14175 | Slime:5  | Noticed an acid blob
 14179 | Slime:5  | Noticed an acid blob
 14179 | Slime:5  | Noticed an acid blob
 14179 | Slime:5  | Noticed an acid blob
 14180 | Slime:5  | Noticed an acid blob
 14185 | Slime:5  | Killed the Royal Jelly
 14190 | Slime:5  | Killed an acid blob
 14190 | Slime:5  | Killed an acid blob
 14190 | Slime:5  | Killed an acid blob
 14190 | Slime:5  | Killed an acid blob
 14191 | Slime:5  | Killed an acid blob
 14192 | Slime:5  | Killed an acid blob
 14215 | Slime:5  | Got a scintillating granite ring
 14235 | Slime:5  | Noticed an acid blob
 14253 | Slime:5  | Killed an acid blob
 14266 | Slime:5  | Mangled by an enormous slime creature

Illustrated notes

Levels and vault maps discovered:
D:1:      evilmike_arrival_crescent, layout_basic, serial_rivers,
          chequers_serial_rivers_micro_e, chequers_serial_rivers_small_3,
          chequers_serial_rivers_micro_a, chequers_serial_rivers_micro_c,
          st_stairs_8
D:2:      layout_rooms
D:3:      layout_rooms, chequers_ecumenical_altar_simple_redux,
          chequers_serial_rivers_micro_e, minmay_misc_feat_hallway,
          minmay_starry_boxes, uniq_robin, uniq_natasha
D:4:      layout_rooms, serial_shops, nicolae_shop_statue_plus, uniq_ijyb,
          uniq_duvessa
D:5:      layout_basic, minmay_temple_entry_proselytizer, serial_shops,
          nicolae_shop_waterfront, dk_yredelemnul_ordeal
D:6:      layout_rooms, marbit_many_paths
D:7:      layout_loops_cross, uniq_crazy_yiuf_cottage, uniq_joseph
D:8:      layout_cave_pools, due_lair_maze_entry_diamond, uniq_harold
D:9:      layout_cave_pools, orc_0_dummy, serial_shops, nicolae_shop_waterfront
D:10:     layout_roguey, serial_shops, kennysheep_little_box, uniq_snorg,
          uniq_nergalle, uniq_urug
D:11:     layout_roguey [special_room_orc]
D:12:     layout_rooms, enter_bailey_3, serial_shops, shop_fountains
D:13:     layout_basic, uniq_rupert
D:14:     layout_irregular_city, skrybe_vaults_entry_preservation,
          lemuel_tele_altar, serial_shops, shop, minivault_27, uniq_azrael,
          uniq_frances, uniq_louise
Temple:   minmay_crystal_snake_temple
Lair:1:   layout_layer_cave, gammafunk_ghost_split,
          nicolae_quartered_pool_little, hangedman_lair_generics_rect
Lair:2:   layout_big_grid, basic_altar, minmay_shattered_shrine, uniq_fannar
Lair:3:   layout_concentric_octagons, skrybe_swamp_entry_bodies,
          spider_nest_entry_funnel_web, roderic_batcave
Lair:4:   layout_layer_cave, lemuel_oklob_altar
Lair:5:   layout_cave_pods, slime_dummy, st_stairs_12
Swamp:1:  layout_falls_marsh, evilmike_swamp_ruin_rubble_1, swamp_pool4,
          st_swamp_ruins_3
Swamp:2:  layout_basic_swamp, evilmike_swamp_ruin_house_2, swamp_pool5,
          nicolae_swamp_trees_clearing
Swamp:3:  layout_basic_swamp, evilmike_swamp_ruin_house_5
Swamp:4:  swamp, layout_basic_swamp
Spider:1: layout_spider_delve, uniq_kirke
Spider:2: layout_spider_delve
Spider:3: layout_spider_delve, uniq_roxanne, uniq_mara
Spider:4: grunt_spider_rune_island, hangedman_spider_tarantella_strand,
          uniq_arachne
Slime:1:  layout_caves
Slime:2:  layout_caves
Slime:3:  layout_caves, uniq_dissolution
Slime:4:  layout_caves, basic_altar
Slime:5
Orc:1:    layout_caves
Orc:2:    grunt_orc_community_town_hall, layout_caves,
          grunt_orc_community_big_house_1, grunt_orc_community_big_house_1,
          grunt_orc_community_house_3, grunt_orc_community_house_1,
          grunt_orc_community_house_3, grunt_orc_community_house_2,
          grunt_orc_community_house_1, grunt_orc_community_house_2,
          ebering_ghost_inner_flame

Skill      XL: |  1  2  3  4  5  6  7  8  9 10 11 12 13 14 15 16 17 |
---------------+----------------------------------------------------+-----
Axes           | 3 4 5 6 8 9 11 12 14 15 16 17 18 | 18.0
Fighting       | 3 4 5 6 7 8 9 10 11 12 | 12.6
Armour         | 4 5 6 7 8 9 10 11 12 13 14 | 14.5
Shields        | 4 5 6 7 8 9 10 12 13 14 16 17 | 17.4
Invocations    | 3 5 7 9 10 11 12 13 15 | 15.9

Action                   |  1- 3 |  4- 6 |  7- 9 | 10-12 | 13-15 | 16-18 || total
-------------------------+-------+-------+-------+-------+-------+-------++-------
Melee: War axe           |    74 |   133 |   300 |   846 |   576 |       ||  1929
       Broad axe         |       |       |       |       |   669 |   569 ||  1238
Throw: Throwing net      |       |       |       |       |       |     2 ||     2
Invok: Lesser Servant of |       |       |       |    12 |    18 |    13 ||    43
       Greater Servant o |       |       |       |       |     8 |     9 ||    17
 Abil: Heal Wounds       |     3 |     4 |    11 |    53 |    16 |     8 ||    95
Evoke: Wand              |       |       |       |     7 |     1 |    10 ||    18
  Use: Scroll            |       |     1 |    12 |    13 |    11 |     6 ||    43
       Potion            |       |       |       |     2 |     5 |     6 ||    13
 Stab: Distracted        |       |       |       |     7 |     9 |     4 ||    20
       Confused          |       |       |       |       |       |     4 ||     4
       Sleeping          |       |       |       |       |       |     3 ||     3
       Held in net/web   |       |       |       |       |       |     1 ||     1
Armor: Scale mail        |    38 |    74 |    96 |    20 |       |       ||   228
       Chain mail        |       |       |       |   114 |       |       ||   114
       Plate armour      |       |       |       |   360 |  1147 |   564 ||  2071
Dodge: Dodged            |    26 |    95 |   146 |   401 |   527 |   275 ||  1470
Block: Kite shield       |    53 |   115 |   177 |   595 |       |       ||   940
       Tower shield      |       |       |       |    27 |  1755 |   691 ||  2473

Table legend: (Time is in decaauts)
 A = Elapsed time spent in this place.
 B = Non-inter-level travel time spent in this place.
 C = Inter-level travel time spent in this place.
 D = Time resting spent in this place.
 E = Time spent auto-exploring this place.
 F = Levels seen in this place.
 G = Mean time per level.
                   A        B        C        D        E       F      G
               +--------+--------+--------+--------+--------+-----+--------+
         Total |  14143 |  12741 |   1402 |     90 |   7500 |  37 |  382.2 |
       Dungeon |   7449 |   6874 |    575 |      0 |   4520 |  14 |  532.1 |
        Temple |    169 |    105 |     64 |      0 |     85 |   1 |  169.0 |
          Lair |   3005 |   2672 |    333 |      8 |   2060 |   5 |  601.0 |
         Swamp |    981 |    804 |    177 |      0 |    182 |   4 |  245.2 |
   Spider Nest |   1433 |   1222 |    211 |      0 |    464 |   4 |  358.2 |
    Slime Pits |    417 |    412 |      5 |     82 |      0 |   5 |   83.4 |
  Orcish Mines |    360 |    326 |     34 |      0 |    137 |   2 |  180.0 |
         Abyss |     63 |     63 |      0 |      0 |     31 |   1 |   63.0 |
        Bailey |    263 |    263 |      0 |      0 |     20 |   1 |  263.0 |
               +--------+--------+--------+--------+--------+-----+--------+

Top non-repeatable levels by time:
  Lair:4: 1127 daAuts
  Lair:3: 1081 daAuts
    D:14: 892 daAuts
    D:13: 848 daAuts
Spider:4: 809 daAuts
     D:7: 738 daAuts
     D:8: 715 daAuts
    D:12: 587 daAuts
  Lair:5: 581 daAuts
 Swamp:4: 572 daAuts
    D:11: 566 daAuts
    D:10: 532 daAuts
     D:9: 511 daAuts
     D:5: 500 daAuts
     D:6: 495 daAuts
